New York Rangers vs Boston Bruins
Created - Tuesday, December 3, 2024 at 08:53
Goals
|
| New York Rangers |
2 |
1 |
2 |
5 |
| Boston Bruins |
0 |
0 |
2 |
2 |
|
Shots
|
| New York Rangers |
10 |
11 |
9 |
30 |
| Boston Bruins |
11 |
10 |
16 |
37 |
|
1st period
1. New York Rangers , Cole Caufield 24 (Mikael Granlund 28) at 2:51
2. New York Rangers , Cole Caufield 25 (Joe Pavelski 23, Dmitry Kulikov 5) at 8:57
Penalties :
Evander Kane (BOS) for High sticking (Minor) at 2:54, Matthew Benning (NYR) for Hooking (Minor) at 5:28, Mikael Granlund (NYR) for Tripping (Minor) at 12:38, Brendan Smith (NYR) for Roughing (Minor) at 16:59
2nd period
3. New York Rangers , Cole Caufield 26 (Nathan MacKinnon 35, Teuvo Teravainen 23) at 8:34 (PP)
Penalties :
Adam Larsson (NYR) for High sticking (Minor) at 2:15, Connor Clifton (BOS) for Tripping (Minor) at 7:07, Connor Clifton (BOS) for Diving (Minor) at 9:16
3rd period
4. Boston Bruins , Connor Clifton 3 (Jonathan Marchessault 39, Vincent Trocheck 57) at 1:12 (PP)
5. New York Rangers , Mathew Barzal 19 (Nikolaj Ehlers 22, Matthew Benning 10) at 2:56
6. New York Rangers , Artemi Panarin 30 (Nathan MacKinnon 36, Dmitry Kulikov 6) at 4:05
7. Boston Bruins , Eetu Luostarinen 15 (Torey Krug 22) at 6:48
Penalties :
Artemi Panarin (NYR) for Holding (Minor) at 0:37, Evander Kane (BOS) for Tripping (Minor) at 4:27, Artemi Panarin (NYR) for Roughing (Minor) at 16:10
Goalie Stats
Igor Shesterkin (NYR), 35 saves from 37 shots - (0.946), W, 37-16-8, 60:00 minutes
Jacob Markstrom (BOS), 25 saves from 30 shots - (0.833), L, 27-23-5, 60:00 minutes
Players Stats for New York Rangers
Player Name G A P +/- PIM S H SB GA TA FO MP PP MP PK MP
------------------------------------------------------------------------------------
Adam Larsson 0 0 0 0 2 0 1 1 0 0 0/0 18:39 0:00 4:46
Artemi Panarin 1 0 1 0 4 3 3 0 0 1 0/1 16:18 3:15 0:00
Brendan Smith 0 0 0 1 2 0 4 3 0 2 0/0 19:37 0:00 4:29
Cam Fowler 0 0 0 0 0 1 1 3 0 1 0/0 21:56 3:15 2:02
Cole Caufield 3 0 3 2 0 6 0 0 2 0 1/2 14:12 3:46 0:28
Conor Garland 0 0 0 -1 0 0 1 0 0 0 0/0 6:04 0:00 0:00
David Kampf 0 0 0 -1 0 1 0 0 0 0 5/6 11:00 0:00 4:55
Dmitry Kulikov 0 2 2 3 0 0 0 0 0 0 0/0 13:00 0:00 0:47
Dylan Strome 0 0 0 1 0 4 1 0 0 1 9/22 17:35 3:46 1:40
Jake McCabe 0 0 0 0 0 0 3 4 0 0 0/0 22:56 4:09 5:31
Joe Pavelski 0 1 1 2 0 1 0 1 2 1 3/16 13:25 3:38 0:00
Marcus Foligno 0 0 0 -1 0 1 3 0 0 0 0/1 10:58 0:00 4:49
Mathew Barzal 1 0 1 1 0 7 1 0 0 0 0/0 18:26 3:38 0:27
Matthew Benning 0 1 1 3 2 1 2 0 0 0 0/0 15:48 0:00 3:33
Mikael Granlund 0 1 1 2 2 0 0 0 3 0 1/2 13:42 0:00 4:05
Nathan MacKinnon 0 2 2 1 0 1 2 1 1 0 2/2 15:42 3:46 0:00
Nikolaj Ehlers 0 1 1 1 0 2 0 1 0 0 1/1 17:41 3:38 0:00
Teuvo Teravainen 0 1 1 1 0 2 1 0 0 1 10/20 22:25 4:09 4:28
Players Stats for Boston Bruins
Player Name G A P +/- PIM S H SB GA TA FO MP PP MP PK MP
------------------------------------------------------------------------------------
Alex Newhook 0 0 0 -1 0 2 2 1 0 0 17/26 20:04 5:15 3:45
Alex Vlasic 0 0 0 -1 0 1 0 0 0 0 0/0 11:10 0:08 0:00
Anders Lee 0 0 0 1 0 3 1 1 0 2 0/1 10:03 0:38 0:00
Andrew Copp 0 0 0 -1 0 1 2 0 0 0 2/2 21:52 4:17 3:45
Cam York 0 0 0 -1 0 1 0 2 0 0 0/0 27:15 4:42 3:44
Connor Clifton 1 0 1 -1 4 1 0 0 0 1 0/0 19:28 5:40 1:55
Eetu Luostarinen 1 0 1 1 0 2 0 0 0 0 4/8 10:03 0:20 0:11
Evander Kane 0 0 0 -1 4 2 1 0 0 0 1/2 16:25 5:15 0:00
Joel Farabee 0 0 0 1 0 1 2 0 0 1 0/0 10:19 0:58 0:00
John-Jason Peterka 0 0 0 -2 0 3 0 0 0 0 0/1 8:38 0:46 0:00
Jonathan Marchessault 0 1 1 -1 0 4 1 0 5 0 0/3 21:14 4:09 3:28
Michael Rasmussen 0 0 0 -2 0 2 0 0 0 0 0/0 8:21 0:20 0:00
Morgan Geekie 0 0 0 -2 0 2 0 0 0 0 4/4 8:00 0:00 0:00
Ryan Lindgren 0 0 0 -1 0 2 2 1 0 1 0/0 21:35 5:40 3:40
Ryan Strome 0 0 0 -1 0 3 0 0 1 0 0/1 15:39 5:15 0:00
Torey Krug 0 1 1 -1 0 2 2 1 1 1 0/0 27:15 4:42 3:44
Tyson Barrie 0 0 0 -1 0 0 0 2 0 1 0/0 13:39 0:08 1:45
Vincent Trocheck 0 1 1 -1 0 5 1 0 0 1 13/25 21:32 4:17 3:39
3 Stars
1 - Cole Caufield (NYR)
2 - Dmitry Kulikov (NYR)
3 - Igor Shesterkin (NYR)
Power Play
New York Rangers - 1 on 4 Attempt(s) - 25.00%
Boston Bruins - 1 on 6 Attempt(s) - 16.67%
Penalty Kill
New York Rangers - 5 on 6 Attempt(s) - 83.33%
- Score 0 goal in Penalty Kill
Boston Bruins - 3 on 4 Attempt(s) - 75.00%
- Score 0 goal in Penalty Kill
Team Stat
New York Rangers - Hits : 23 - Faceoff Wins : 32 - Blocked Shots : 14 - Penalty Minutes : 12
Boston Bruins - Hits : 14 - Faceoff Wins : 41 - Blocked Shots : 8 - Penalty Minutes : 8
Official
Referees : Chris Lee and Eric Furlatt
Linesman : Devin Berg and Trent Knorr
Game Notes
Cole Caufield has scored a Hat Trick!
Finance
Level 1 -- Attendance: 4340 (72.33%) -- Ticket Income $434,000
Level 2 -- Attendance: 3970 (79.40%) -- Ticket Income $238,200
Level 3 -- Attendance: 2496 (83.20%) -- Ticket Income $87,360
Level 4 -- Attendance: 3467 (69.34%) -- Ticket Income $86,675
Luxury Box -- Attendance: 743 (74.30%) -- Ticket Income $148,600
Game was played at the TD Garden.
Total Attendance: 15016 (75.08%)
Total Ticket Income: $994,835
Other Income: $348,192
Total Income: $1,343,027
New York Rangers
5 vs 5 Forward
Center Left Wing Right Wing Time % Phy DF OF
1 Dylan Strome Artemi Panarin Nathan MacKinnon 30 0 1 4
2 Teuvo Teravainen Nikolaj Ehlers Mathew Barzal 30 0 2 3
3 Joe Pavelski Cole Caufield Mikael Granlund 25 1 2 2
4 David Kampf Marcus Foligno Conor Garland 15 1 2 2
5 vs 5 Defense
Defense Defense Time % Phy DF OF
1 Adam Larsson Jake McCabe 36 1 2 2
2 Cam Fowler Brendan Smith 33 1 2 2
3 Matthew Benning Dmitry Kulikov 31 1 2 2
4 Cam Fowler Adam Larsson 0 1 2 2
PowerPlay Forward
Center Left Wing Right Wing Time % Phy DF OF
1 Dylan Strome Cole Caufield Nathan MacKinnon 50 0 1 4
2 Joe Pavelski Nikolaj Ehlers Mathew Barzal 50 0 2 3
PowerPlay Defense
Defense Defense Time % Phy DF OF
1 Cam Fowler Artemi Panarin 50 0 2 3
2 Jake McCabe Teuvo Teravainen 50 0 2 3
Penalty Kill 4 Players Forward
Center Wing Time % Phy DF OF
1 Mikael Granlund Marcus Foligno 50 1 3 1
2 David Kampf Teuvo Teravainen 50 1 3 1
Penalty Kill 4 Players Defense
Defense Defense Time % Phy DF OF
1 Matthew Benning Adam Larsson 50 1 3 1
2 Jake McCabe Brendan Smith 50 1 3 1
Penalty Kill - 3 Players Forward
Forward Time % Phy DF OF
1 David Kampf 50 1 3 1
2 Mikael Granlund 50 1 3 1
Penalty Kill - 3 Players Defense
Defense Defense Time % Phy DF OF
1 Matthew Benning Adam Larsson 50 1 3 1
2 Jake McCabe Brendan Smith 50 1 3 1
4 vs 4 Forward
Center Wing Time % Phy DF OF
1 Nathan MacKinnon Artemi Panarin 50 1 2 2
2 Dylan Strome Teuvo Teravainen 50 1 2 2
4 vs 4 Defense
Defense Defense Time % Phy DF OF
1 Cam Fowler Adam Larsson 50 1 2 2
2 Jake McCabe Brendan Smith 50 1 2 2
Last Minutes Offensive
Center Left Wing Right Wing Defense Defense
Dylan Strome Artemi Panarin Nathan MacKinnon Jake McCabe Cam Fowler
Last Minutes Defensive
Center Left Wing Right Wing Defense Defense
David Kampf Marcus Foligno Mikael Granlund Matthew Benning Adam Larsson
Goaltenders
Starting : Igor Shesterkin
Backup : Kevin Lankinen
Extra Forwards
Normal : Joe Pavelski, Teuvo Teravainen, Dylan Strome - PP : David Kampf, Teuvo Teravainen - PK : Dylan Strome
Extra Defensemen
Normal : Dmitry Kulikov, Matthew Benning, Jake McCabe - PP : Dmitry Kulikov - PK : Matthew Benning, Jake McCabe
Penalty Shots
Artemi Panarin, Cole Caufield, David Kampf, Nathan MacKinnon, Joe Pavelski
Scratches
None
Boston Bruins
5 vs 5 Forward
Center Left Wing Right Wing Time % Phy DF OF
1 Vincent Trocheck Jonathan Marchessault Andrew Copp 30 1 2 2
2 Alex Newhook Evander Kane Ryan Strome 30 1 2 2
3 Eetu Luostarinen Anders Lee Joel Farabee 25 1 2 2
4 Morgan Geekie Michael Rasmussen John-Jason Peterka 15 1 2 2
5 vs 5 Defense
Defense Defense Time % Phy DF OF
1 Torey Krug Cam York 30 1 2 2
2 Ryan Lindgren Connor Clifton 30 1 2 2
3 Alex Vlasic Tyson Barrie 25 1 2 2
4 Torey Krug Cam York 15 1 2 2
PowerPlay Forward
Center Left Wing Right Wing Time % Phy DF OF
1 Vincent Trocheck Jonathan Marchessault Andrew Copp 50 1 2 2
2 Alex Newhook Evander Kane Ryan Strome 50 1 2 2
PowerPlay Defense
Defense Defense Time % Phy DF OF
1 Torey Krug Cam York 50 1 2 2
2 Ryan Lindgren Connor Clifton 50 1 2 2
Penalty Kill 4 Players Forward
Center Wing Time % Phy DF OF
1 Vincent Trocheck Jonathan Marchessault 50 1 2 2
2 Alex Newhook Andrew Copp 50 1 2 2
Penalty Kill 4 Players Defense
Defense Defense Time % Phy DF OF
1 Torey Krug Cam York 50 1 2 2
2 Ryan Lindgren Connor Clifton 50 1 2 2
Penalty Kill - 3 Players Forward
Forward Time % Phy DF OF
1 Vincent Trocheck 50 1 2 2
2 Jonathan Marchessault 50 1 2 2
Penalty Kill - 3 Players Defense
Defense Defense Time % Phy DF OF
1 Torey Krug Cam York 50 1 2 2
2 Ryan Lindgren Connor Clifton 50 1 2 2
4 vs 4 Forward
Center Wing Time % Phy DF OF
1 Vincent Trocheck Jonathan Marchessault 50 1 2 2
2 Alex Newhook Andrew Copp 50 1 2 2
4 vs 4 Defense
Defense Defense Time % Phy DF OF
1 Torey Krug Cam York 50 1 2 2
2 Ryan Lindgren Connor Clifton 50 1 2 2
Last Minutes Offensive
Center Left Wing Right Wing Defense Defense
Vincent Trocheck Jonathan Marchessault Andrew Copp Torey Krug Cam York
Last Minutes Defensive
Center Left Wing Right Wing Defense Defense
Vincent Trocheck Jonathan Marchessault Andrew Copp Torey Krug Cam York
Goaltenders
Starting : Jacob Markstrom
Backup : Pyotr Kochetkov
Extra Forwards
Normal : Joel Farabee, Anders Lee, Eetu Luostarinen - PP : Joel Farabee, Anders Lee - PK : Eetu Luostarinen
Extra Defensemen
Normal : Alex Vlasic, Tyson Barrie, Ryan Lindgren - PP : Alex Vlasic - PK : Tyson Barrie, Ryan Lindgren
Penalty Shots
Vincent Trocheck, Jonathan Marchessault, Alex Newhook, Andrew Copp, Ryan Strome
Scratches
Anthony Beauvillier (Healthy), Drew O'Connor (Healthy), Beck Malenstyn (Healthy), John Ludvig (Healthy), Angus Crookshank (Healthy)
% Time on Ice - New York Rangers
Lines # - Real PCT - Wanted PCT - Time Play
Normal Forward
1 - 29% - 30% - 12:08
2 - 34% - 30% - 14:23
3 - 23% - 25% - 9:31
4 - 14% - 15% - 6:04
Normal Defense
1 - 34% - 36% - 14:23
2 - 36% - 33% - 15:09
3 - 29% - 31% - 12:11
4 - 1% - 0% - 0:23
PP Forward
1 - 51% - 50% - 3:46
2 - 49% - 50% - 3:38
PP Defense
1 - 44% - 50% - 3:15
2 - 56% - 50% - 4:09
PK Forward
1 - 51% - 50% - 5:22
2 - 49% - 50% - 5:08
PK Defense
1 - 48% - 50% - 5:02
2 - 52% - 50% - 5:28
PK3 Forward
1 - 0% - 50%
2 - 0% - 50%
PK3 Defense
1 - 0% - 50%
2 - 0% - 50%
44 Forward
1 - 0% - 50%
2 - 0% - 50%
44 Defense
1 - 0% - 50%
2 - 0% - 50%
Last Minute Offensive - 0:00
Last Minute Defensive - 0:00
Total
Forward - 60:00
Defense - 60:00
|
% Time on Ice - Boston Bruins
Lines # - Real PCT - Wanted PCT - Time Play
Normal Forward
1 - 32% - 30% - 13:36
2 - 26% - 30% - 11:05
3 - 22% - 25% - 9:25
4 - 19% - 15% - 8:00
Normal Defense
1 - 35% - 30% - 14:44
2 - 29% - 30% - 12:15
3 - 25% - 25% - 10:26
4 - 11% - 15% - 4:41
PP Forward
1 - 41% - 50% - 4:17
2 - 59% - 50% - 6:13
PP Defense
1 - 46% - 50% - 4:50
2 - 54% - 50% - 5:40
PK Forward
1 - 49% - 50% - 3:39
2 - 51% - 50% - 3:45
PK Defense
1 - 50% - 50% - 3:44
2 - 50% - 50% - 3:40
PK3 Forward
1 - 0% - 50%
2 - 0% - 50%
PK3 Defense
1 - 0% - 50%
2 - 0% - 50%
44 Forward
1 - 0% - 50%
2 - 0% - 50%
44 Defense
1 - 0% - 50%
2 - 0% - 50%
Last Minute Offensive - 0:00
Last Minute Defensive - 0:00
Total
Forward - 60:00
Defense - 60:00
|
Play-by-Play
1st period
0:01 of 1st period - Vincent Trocheck wins face-off versus Dylan Strome in neutral zone.
0:07 of 1st period - Off-side.
0:08 of 1st period - Dylan Strome wins face-off versus Vincent Trocheck in neutral zone.
0:27 of 1st period - Wrist shot by Jonathan Marchessault.
0:27 of 1st period - Shot Blocked by Nathan MacKinnon.
0:29 of 1st period - Slapshot by Torey Krug.
0:29 of 1st period - Stopped by Igor Shesterkin with a rebound.
0:31 of 1st period - Slapshot by Torey Krug.
0:31 of 1st period - Shot Blocked by Jake McCabe.
0:33 of 1st period - Snap shot by Andrew Copp.
0:33 of 1st period - Shot Misses the Net.
0:35 of 1st period - Slapshot by Cam York.
0:35 of 1st period - Shot Misses the Net.
0:37 of 1st period - Snap shot by Andrew Copp.
0:37 of 1st period - Deflect By Artemi Panarin.
0:37 of 1st period - Shot Blocked by Jake McCabe.
0:37 of 1st period - Puck is out of play.
0:38 of 1st period - Alex Newhook wins face-off versus Teuvo Teravainen in New York Rangers zone.
0:47 of 1st period - Wrist shot by Alex Newhook.
0:47 of 1st period - Shot Blocked by Cam Fowler.
0:49 of 1st period - Slapshot by Connor Clifton.
0:49 of 1st period - Shot Misses the Net.
0:51 of 1st period - Slapshot by Connor Clifton.
0:51 of 1st period - Shot Misses the Net.
1:26 of 1st period - Connor Clifton is hit by Conor Garland and loses puck.
2:07 of 1st period - Jonathan Marchessault is hit by Adam Larsson and loses puck.
2:29 of 1st period - Alex Vlasic is hit by Marcus Foligno and loses puck.
2:44 of 1st period - Snap shot by Cole Caufield.
2:44 of 1st period - Stopped by Jacob Markstrom without a rebound.
2:45 of 1st period - Morgan Geekie wins face-off versus Joe Pavelski in Boston Bruins zone.
2:45 of 1st period - Morgan Geekie is hit by Matthew Benning.
2:51 of 1st period - Wrist shot by Cole Caufield.
2:51 of 1st period - Goal by Cole Caufield - New York Rangers : 1 - Boston Bruins : 0.
2:52 of 1st period - Alex Newhook wins face-off versus Teuvo Teravainen in neutral zone.
2:54 of 1st period - Minor Penalty to Evander Kane for High sticking.
2:55 of 1st period - Vincent Trocheck wins face-off versus Dylan Strome in Boston Bruins zone.
3:23 of 1st period - Snap shot by Artemi Panarin.
3:23 of 1st period - Stopped by Jacob Markstrom without a rebound.
3:24 of 1st period - Andrew Copp wins face-off versus Joe Pavelski in Boston Bruins zone.
3:32 of 1st period - Off-side.
3:33 of 1st period - Alex Newhook wins face-off versus Joe Pavelski in neutral zone.
3:48 of 1st period - Wrist shot by Mathew Barzal.
3:48 of 1st period - Stopped by Jacob Markstrom with a rebound.
4:02 of 1st period - Wrist shot by Jonathan Marchessault.
4:02 of 1st period - Shot Blocked by Jake McCabe.
4:04 of 1st period - Slapshot by Vincent Trocheck.
4:04 of 1st period - Shot Misses the Net.
4:06 of 1st period - Snap shot by Ryan Lindgren.
4:06 of 1st period - Shot Misses the Net.
4:08 of 1st period - Slapshot by Ryan Lindgren.
4:08 of 1st period - Stopped by Igor Shesterkin without a rebound.
4:09 of 1st period - Vincent Trocheck wins face-off versus Dylan Strome in New York Rangers zone.
4:54 of 1st period - Penalty to Evander Kane is over, Evander Kane is back on ice.
5:02 of 1st period - Evander Kane is hit by Artemi Panarin and loses puck.
5:28 of 1st period - Minor Penalty to Matthew Benning for Hooking.
5:29 of 1st period - Mikael Granlund wins face-off versus Alex Newhook in New York Rangers zone.
5:59 of 1st period - Wrist shot by Mikael Granlund.
5:59 of 1st period - Shot Blocked by Cam York.
6:01 of 1st period - Wrist shot by Marcus Foligno.
6:01 of 1st period - Stopped by Jacob Markstrom with a rebound.
7:28 of 1st period - Penalty to Matthew Benning is over, Matthew Benning is back on ice.
7:44 of 1st period - Snap shot by Nathan MacKinnon.
7:44 of 1st period - Shot Misses the Net.
7:46 of 1st period - Slapshot by Cam Fowler.
7:46 of 1st period - Shot Misses the Net.
8:09 of 1st period - Snap shot by Mikael Granlund.
8:09 of 1st period - Deflect By Cole Caufield.
8:09 of 1st period - Shot Blocked by Anders Lee.
8:09 of 1st period - Puck is out of play.
8:10 of 1st period - Joe Pavelski wins face-off versus Eetu Luostarinen in Boston Bruins zone.
8:47 of 1st period - Snap shot by Cole Caufield.
8:47 of 1st period - Stopped by Jacob Markstrom with a rebound.
8:53 of 1st period - Dmitry Kulikov is hit by Alex Newhook.
8:57 of 1st period - Snap shot by Cole Caufield.
8:57 of 1st period - Goal by Cole Caufield - New York Rangers : 2 - Boston Bruins : 0.
8:58 of 1st period - Alex Newhook wins face-off versus Teuvo Teravainen in neutral zone.
9:13 of 1st period - Snap shot by Alex Newhook.
9:13 of 1st period - Stopped by Igor Shesterkin without a rebound.
9:14 of 1st period - Vincent Trocheck wins face-off versus Dylan Strome in New York Rangers zone.
9:45 of 1st period - Snap shot by Nikolaj Ehlers.
9:45 of 1st period - Stopped by Jacob Markstrom with a rebound.
9:47 of 1st period - Wrist shot by Nikolaj Ehlers.
9:47 of 1st period - Shot Blocked by Cam York.
9:49 of 1st period - Snap shot by Teuvo Teravainen.
9:49 of 1st period - Shot Blocked by Alex Newhook.
9:51 of 1st period - Slapshot by Jake McCabe.
9:51 of 1st period - Shot Blocked by Torey Krug.
10:09 of 1st period - Snap shot by Anders Lee.
10:09 of 1st period - Shot Blocked by Adam Larsson.
10:11 of 1st period - Wrist shot by Eetu Luostarinen.
10:11 of 1st period - Shot Misses the Net.
10:41 of 1st period - Tyson Barrie is hit by Brendan Smith and loses puck.
11:05 of 1st period - Alex Newhook is hit by Brendan Smith and loses puck.
11:30 of 1st period - Wrist shot by Jonathan Marchessault.
11:30 of 1st period - Shot Hit the Post.
11:32 of 1st period - Wrist shot by Vincent Trocheck.
11:32 of 1st period - Stopped by Igor Shesterkin without a rebound.
11:33 of 1st period - Teuvo Teravainen wins face-off versus Vincent Trocheck in New York Rangers zone.
12:11 of 1st period - Wrist shot by Artemi Panarin.
12:11 of 1st period - Shot Misses the Net.
12:30 of 1st period - Slapshot by Anders Lee.
12:30 of 1st period - Stopped by Igor Shesterkin with a rebound.
12:38 of 1st period - Minor Penalty to Mikael Granlund for Tripping.
12:39 of 1st period - David Kampf wins face-off versus Jonathan Marchessault in New York Rangers zone.
12:39 of 1st period - David Kampf is hit by Ryan Lindgren.
12:49 of 1st period - Wrist shot by Vincent Trocheck.
12:49 of 1st period - Stopped by Igor Shesterkin with a rebound.
12:51 of 1st period - Backhand shot by Jonathan Marchessault.
12:51 of 1st period - Stopped by Igor Shesterkin with a rebound.
12:53 of 1st period - Wrist shot by Jonathan Marchessault.
12:53 of 1st period - Shot Blocked by Brendan Smith.
12:55 of 1st period - Wrist shot by Ryan Lindgren.
12:55 of 1st period - Stopped by Igor Shesterkin with a rebound.
13:05 of 1st period - Jake McCabe is hit by Ryan Lindgren and loses puck.
14:32 of 1st period - Ryan Strome is hit by Jake McCabe.
14:38 of 1st period - Penalty to Mikael Granlund is over, Mikael Granlund is back on ice.
15:06 of 1st period - Snap shot by Morgan Geekie.
15:06 of 1st period - Stopped by Igor Shesterkin with a rebound.
15:30 of 1st period - Eetu Luostarinen is hit by Nathan MacKinnon and loses puck.
15:43 of 1st period - Eetu Luostarinen is hit by Brendan Smith and loses puck.
15:48 of 1st period - Wrist shot by Teuvo Teravainen.
15:48 of 1st period - Deflect By Mathew Barzal.
15:48 of 1st period - Stopped by Jacob Markstrom without a rebound.
15:49 of 1st period - Vincent Trocheck wins face-off versus Teuvo Teravainen in Boston Bruins zone.
16:56 of 1st period - Wrist shot by John-Jason Peterka.
16:56 of 1st period - Stopped by Igor Shesterkin without a rebound.
16:57 of 1st period - Teuvo Teravainen wins face-off versus Evander Kane in New York Rangers zone.
16:59 of 1st period - Minor Penalty to Brendan Smith for Roughing.
17:00 of 1st period - David Kampf wins face-off versus Vincent Trocheck in New York Rangers zone.
17:14 of 1st period - Snap shot by Teuvo Teravainen.
17:14 of 1st period - Stopped by Jacob Markstrom with a rebound.
17:36 of 1st period - Slapshot by Evander Kane.
17:36 of 1st period - Shot Misses the Net.
18:59 of 1st period - Penalty to Brendan Smith is over, Brendan Smith is back on ice.
19:19 of 1st period - Eetu Luostarinen is hit by Mathew Barzal and loses puck.
19:25 of 1st period - Off-side.
19:26 of 1st period - Eetu Luostarinen wins face-off versus Cole Caufield in neutral zone.
19:41 of 1st period - Wrist shot by Anders Lee.
19:41 of 1st period - Stopped by Igor Shesterkin with a rebound.
Goals for this period are 2 for New York Rangers vs 0 for Boston Bruins.
Shots for this period are 10 for New York Rangers vs 11 for Boston Bruins.
2nd period
0:01 of 2nd period - Alex Newhook wins face-off versus Teuvo Teravainen in neutral zone.
0:13 of 2nd period - Snap shot by Ryan Strome.
0:13 of 2nd period - Deflect By Teuvo Teravainen.
0:13 of 2nd period - Shot Misses the Net.
0:13 of 2nd period - Puck is out of play.
0:14 of 2nd period - Dylan Strome wins face-off versus Vincent Trocheck in New York Rangers zone.
0:14 of 2nd period - Dylan Strome is hit by Andrew Copp.
0:20 of 2nd period - Snap shot by Artemi Panarin.
0:20 of 2nd period - Stopped by Jacob Markstrom without a rebound.
0:21 of 2nd period - Vincent Trocheck wins face-off versus Dylan Strome in Boston Bruins zone.
0:25 of 2nd period - Off-side.
0:26 of 2nd period - Alex Newhook wins face-off versus Teuvo Teravainen in neutral zone.
1:14 of 2nd period - Snap shot by Artemi Panarin.
1:14 of 2nd period - Shot Misses the Net.
1:23 of 2nd period - Icing by Artemi Panarin.
1:24 of 2nd period - Dylan Strome wins face-off versus Alex Newhook in New York Rangers zone.
1:24 of 2nd period - Dylan Strome is hit by Torey Krug.
1:32 of 2nd period - Cam York is hit by Jake McCabe and loses puck.
2:15 of 2nd period - Minor Penalty to Adam Larsson for High sticking.
2:16 of 2nd period - David Kampf wins face-off versus Vincent Trocheck in New York Rangers zone.
2:16 of 2nd period - David Kampf is hit by Jonathan Marchessault.
2:28 of 2nd period - Brendan Smith is hit by Vincent Trocheck.
2:32 of 2nd period - Wrist shot by Vincent Trocheck.
2:32 of 2nd period - Stopped by Igor Shesterkin with a rebound.
2:51 of 2nd period - Snap shot by Alex Newhook.
2:51 of 2nd period - Shot Misses the Net.
4:15 of 2nd period - Penalty to Adam Larsson is over, Adam Larsson is back on ice.
4:25 of 2nd period - Icing by Adam Larsson.
4:26 of 2nd period - Eetu Luostarinen wins face-off versus Dylan Strome in New York Rangers zone.
4:29 of 2nd period - Snap shot by Anders Lee.
4:29 of 2nd period - Shot Blocked by Jake McCabe.
4:31 of 2nd period - Snap shot by Eetu Luostarinen.
4:31 of 2nd period - Stopped by Igor Shesterkin with a rebound.
4:33 of 2nd period - Snap shot by Joel Farabee.
4:33 of 2nd period - Shot Misses the Net.
4:35 of 2nd period - Slapshot by Alex Vlasic.
4:35 of 2nd period - Shot Misses the Net.
4:37 of 2nd period - Snap shot by Anders Lee.
4:37 of 2nd period - Stopped by Igor Shesterkin without a rebound.
4:38 of 2nd period - Teuvo Teravainen wins face-off versus Eetu Luostarinen in New York Rangers zone.
4:43 of 2nd period - Eetu Luostarinen is hit by Brendan Smith and loses puck.
5:11 of 2nd period - Wrist shot by Nathan MacKinnon.
5:11 of 2nd period - Shot Misses the Net.
5:13 of 2nd period - Slapshot by Dylan Strome.
5:13 of 2nd period - Stopped by Jacob Markstrom with a rebound.
5:15 of 2nd period - Slapshot by Cam Fowler.
5:15 of 2nd period - Stopped by Jacob Markstrom with a rebound.
5:34 of 2nd period - Snap shot by David Kampf.
5:34 of 2nd period - Stopped by Jacob Markstrom with a rebound.
6:08 of 2nd period - Off-side.
6:09 of 2nd period - Joe Pavelski wins face-off versus Anders Lee in neutral zone.
6:24 of 2nd period - Snap shot by Joel Farabee.
6:24 of 2nd period - Stopped by Igor Shesterkin without a rebound.
6:25 of 2nd period - Teuvo Teravainen wins face-off versus Alex Newhook in New York Rangers zone.
6:38 of 2nd period - Snap shot by Mathew Barzal.
6:38 of 2nd period - Shot Misses the Net.
7:07 of 2nd period - Minor Penalty to Connor Clifton for Tripping.
7:08 of 2nd period - Dylan Strome wins face-off versus Alex Newhook in Boston Bruins zone.
7:19 of 2nd period - Slapshot by Nathan MacKinnon.
7:19 of 2nd period - Shot Blocked by Tyson Barrie.
7:21 of 2nd period - Slapshot by Teuvo Teravainen.
7:21 of 2nd period - Shot Misses the Net.
7:23 of 2nd period - Slapshot by Teuvo Teravainen.
7:23 of 2nd period - Stopped by Jacob Markstrom without a rebound.
7:24 of 2nd period - Vincent Trocheck wins face-off versus Joe Pavelski in Boston Bruins zone.
7:28 of 2nd period - Off-side.
7:29 of 2nd period - Joe Pavelski wins face-off versus Jonathan Marchessault in neutral zone.
8:26 of 2nd period - Snap shot by Dylan Strome.
8:26 of 2nd period - Stopped by Jacob Markstrom with a rebound.
8:34 of 2nd period - Wrist shot by Cole Caufield.
8:34 of 2nd period - Goal by Cole Caufield - New York Rangers : 3 - Boston Bruins : 0.
8:35 of 2nd period - Alex Newhook wins face-off versus Marcus Foligno in neutral zone.
9:01 of 2nd period - Mikael Granlund is hit by Torey Krug and loses puck.
9:16 of 2nd period - Minor Penalty to Connor Clifton for Diving.
9:17 of 2nd period - Vincent Trocheck wins face-off versus Joe Pavelski in Boston Bruins zone.
9:25 of 2nd period - Off-side.
9:26 of 2nd period - Alex Newhook wins face-off versus Joe Pavelski in neutral zone.
9:29 of 2nd period - Slapshot by Andrew Copp.
9:29 of 2nd period - Stopped by Igor Shesterkin with a rebound.
9:43 of 2nd period - Wrist shot by Mathew Barzal.
9:43 of 2nd period - Stopped by Jacob Markstrom with a rebound.
9:45 of 2nd period - Snap shot by Joe Pavelski.
9:45 of 2nd period - Stopped by Jacob Markstrom without a rebound.
9:46 of 2nd period - Dylan Strome wins face-off versus Vincent Trocheck in Boston Bruins zone.
10:19 of 2nd period - Snap shot by Nikolaj Ehlers.
10:19 of 2nd period - Shot Blocked by Ryan Lindgren.
10:21 of 2nd period - Slapshot by Mathew Barzal.
10:21 of 2nd period - Deflect By Tyson Barrie.
10:21 of 2nd period - Shot Misses the Net.
10:21 of 2nd period - Puck is out of play.
10:22 of 2nd period - Vincent Trocheck wins face-off versus Dylan Strome in Boston Bruins zone.
10:27 of 2nd period - Slapshot by Cam York.
10:27 of 2nd period - Stopped by Igor Shesterkin with a rebound.
11:16 of 2nd period - Penalty to Connor Clifton is over, Connor Clifton is back on ice.
11:43 of 2nd period - Dmitry Kulikov is hit by Joel Farabee and loses puck.
12:14 of 2nd period - Wrist shot by Dylan Strome.
12:14 of 2nd period - Stopped by Jacob Markstrom with a rebound.
12:44 of 2nd period - Evander Kane is hit by Marcus Foligno and loses puck.
13:07 of 2nd period - Off-side.
13:08 of 2nd period - Teuvo Teravainen wins face-off versus Eetu Luostarinen in neutral zone.
14:07 of 2nd period - Slapshot by Marcus Foligno.
14:07 of 2nd period - Shot Blocked by Tyson Barrie.
14:09 of 2nd period - Wrist shot by Marcus Foligno.
14:09 of 2nd period - Shot Misses the Net.
14:44 of 2nd period - Slapshot by Torey Krug.
14:44 of 2nd period - Shot Blocked by Cam Fowler.
14:46 of 2nd period - Slapshot by Michael Rasmussen.
14:46 of 2nd period - Stopped by Igor Shesterkin with a rebound.
14:48 of 2nd period - Wrist shot by Michael Rasmussen.
14:48 of 2nd period - Shot Misses the Net.
14:58 of 2nd period - Cam Fowler is hit by Alex Newhook and loses puck.
16:05 of 2nd period - Off-side.
16:06 of 2nd period - Dylan Strome wins face-off versus Alex Newhook in neutral zone.
16:33 of 2nd period - Jake McCabe is hit by Andrew Copp.
16:37 of 2nd period - Snap shot by Jonathan Marchessault.
16:37 of 2nd period - Shot Misses the Net.
16:55 of 2nd period - Dmitry Kulikov is hit by Anders Lee and loses puck.
17:13 of 2nd period - Icing by Dmitry Kulikov.
17:14 of 2nd period - Morgan Geekie wins face-off versus Dylan Strome in New York Rangers zone.
17:17 of 2nd period - Snap shot by John-Jason Peterka.
17:17 of 2nd period - Stopped by Igor Shesterkin with a rebound.
17:19 of 2nd period - Snap shot by Michael Rasmussen.
17:19 of 2nd period - Stopped by Igor Shesterkin without a rebound.
17:20 of 2nd period - Morgan Geekie wins face-off versus Artemi Panarin in New York Rangers zone.
17:45 of 2nd period - Alex Vlasic is hit by Nathan MacKinnon and loses puck.
18:28 of 2nd period - Snap shot by Morgan Geekie.
18:28 of 2nd period - Stopped by Igor Shesterkin without a rebound.
18:29 of 2nd period - Nikolaj Ehlers wins face-off versus Alex Newhook in New York Rangers zone.
18:56 of 2nd period - Torey Krug is hit by Marcus Foligno and loses puck.
19:05 of 2nd period - Snap shot by Jonathan Marchessault.
19:05 of 2nd period - Shot Misses the Net.
19:25 of 2nd period - Snap shot by Cole Caufield.
19:25 of 2nd period - Stopped by Jacob Markstrom without a rebound.
19:26 of 2nd period - Eetu Luostarinen wins face-off versus Joe Pavelski in Boston Bruins zone.
19:57 of 2nd period - Icing by Torey Krug.
19:58 of 2nd period - Teuvo Teravainen wins face-off versus Eetu Luostarinen in Boston Bruins zone.
Goals for this period are 1 for New York Rangers vs 0 for Boston Bruins.
Shots for this period are 11 for New York Rangers vs 10 for Boston Bruins.
3rd period
0:01 of 3rd period - Teuvo Teravainen wins face-off versus Alex Newhook in neutral zone.
0:09 of 3rd period - Icing by Alex Newhook.
0:10 of 3rd period - Alex Newhook wins face-off versus Teuvo Teravainen in Boston Bruins zone.
0:25 of 3rd period - Wrist shot by Alex Newhook.
0:25 of 3rd period - Stopped by Igor Shesterkin without a rebound.
0:26 of 3rd period - Vincent Trocheck wins face-off versus Dylan Strome in New York Rangers zone.
0:35 of 3rd period - Backhand shot by Vincent Trocheck.
0:35 of 3rd period - Stopped by Igor Shesterkin with a rebound.
0:37 of 3rd period - Minor Penalty to Artemi Panarin for Holding.
0:38 of 3rd period - Alex Newhook wins face-off versus David Kampf in New York Rangers zone.
1:10 of 3rd period - Wrist shot by Jonathan Marchessault.
1:10 of 3rd period - Shot Misses the Net.
1:12 of 3rd period - Slapshot by Connor Clifton.
1:12 of 3rd period - Goal by Connor Clifton - New York Rangers : 3 - Boston Bruins : 1.
1:13 of 3rd period - Teuvo Teravainen wins face-off versus Vincent Trocheck in neutral zone.
1:15 of 3rd period - Off-side.
1:16 of 3rd period - Teuvo Teravainen wins face-off versus Vincent Trocheck in neutral zone.
1:44 of 3rd period - Off-side.
1:45 of 3rd period - Dylan Strome wins face-off versus Ryan Strome in neutral zone.
1:50 of 3rd period - Snap shot by Nathan MacKinnon.
1:50 of 3rd period - Deflect By Artemi Panarin.
1:50 of 3rd period - Shot Misses the Net.
1:50 of 3rd period - Puck is out of play.
1:51 of 3rd period - Teuvo Teravainen wins face-off versus Vincent Trocheck in Boston Bruins zone.
1:56 of 3rd period - Wrist shot by Nikolaj Ehlers.
1:56 of 3rd period - Shot Misses the Net.
1:58 of 3rd period - Backhand shot by Nikolaj Ehlers.
1:58 of 3rd period - Deflect By Mathew Barzal.
1:58 of 3rd period - Stopped by Jacob Markstrom without a rebound.
1:59 of 3rd period - Andrew Copp wins face-off versus Teuvo Teravainen in Boston Bruins zone.
1:59 of 3rd period - Andrew Copp is hit by Cam Fowler.
2:07 of 3rd period - Slapshot by Ryan Lindgren.
2:07 of 3rd period - Shot Blocked by Brendan Smith.
2:15 of 3rd period - Ryan Lindgren is hit by Teuvo Teravainen and loses puck.
2:40 of 3rd period - Slapshot by Mathew Barzal.
2:40 of 3rd period - Shot Misses the Net.
2:42 of 3rd period - Wrist shot by Mathew Barzal.
2:42 of 3rd period - Stopped by Jacob Markstrom with a rebound.
2:44 of 3rd period - Snap shot by Nikolaj Ehlers.
2:44 of 3rd period - Stopped by Jacob Markstrom with a rebound.
2:46 of 3rd period - Slapshot by Matthew Benning.
2:46 of 3rd period - Shot Misses the Net.
2:56 of 3rd period - Snap shot by Mathew Barzal.
2:56 of 3rd period - Goal by Mathew Barzal - New York Rangers : 4 - Boston Bruins : 1.
2:57 of 3rd period - Nathan MacKinnon wins face-off versus Alex Newhook in neutral zone.
2:57 of 3rd period - Artemi Panarin is hit by Evander Kane.
3:01 of 3rd period - Cam York is hit by Artemi Panarin and loses puck.
3:49 of 3rd period - Snap shot by John-Jason Peterka.
3:49 of 3rd period - Stopped by Igor Shesterkin without a rebound.
3:50 of 3rd period - Morgan Geekie wins face-off versus Dylan Strome in New York Rangers zone.
4:05 of 3rd period - Snap shot by Artemi Panarin.
4:05 of 3rd period - Goal by Artemi Panarin - New York Rangers : 5 - Boston Bruins : 1.
4:06 of 3rd period - Alex Newhook wins face-off versus Teuvo Teravainen in neutral zone.
4:27 of 3rd period - Minor Penalty to Evander Kane for Tripping.
4:28 of 3rd period - Vincent Trocheck wins face-off versus Joe Pavelski in Boston Bruins zone.
6:17 of 3rd period - Icing by Dylan Strome.
6:18 of 3rd period - Dylan Strome wins face-off versus Vincent Trocheck in New York Rangers zone.
6:20 of 3rd period - Icing by Nathan MacKinnon.
6:21 of 3rd period - Vincent Trocheck wins face-off versus Dylan Strome in New York Rangers zone.
6:22 of 3rd period - Slapshot by Torey Krug.
6:22 of 3rd period - Stopped by Igor Shesterkin without a rebound.
6:23 of 3rd period - Alex Newhook wins face-off versus Joe Pavelski in New York Rangers zone.
6:27 of 3rd period - Penalty to Evander Kane is over, Evander Kane is back on ice.
6:28 of 3rd period - Wrist shot by Andrew Copp.
6:28 of 3rd period - Shot Misses the Net.
6:38 of 3rd period - Snap shot by Mathew Barzal.
6:38 of 3rd period - Stopped by Jacob Markstrom with a rebound.
6:48 of 3rd period - Slapshot by Eetu Luostarinen.
6:48 of 3rd period - Goal by Eetu Luostarinen - New York Rangers : 5 - Boston Bruins : 2.
6:49 of 3rd period - Nathan MacKinnon wins face-off versus Alex Newhook in neutral zone.
6:58 of 3rd period - Slapshot by Artemi Panarin.
6:58 of 3rd period - Shot Misses the Net.
7:00 of 3rd period - Backhand shot by Matthew Benning.
7:00 of 3rd period - Stopped by Jacob Markstrom with a rebound.
7:02 of 3rd period - Snap shot by Dmitry Kulikov.
7:02 of 3rd period - Deflect By Nathan MacKinnon.
7:02 of 3rd period - Stopped by Jacob Markstrom with a rebound.
7:04 of 3rd period - Slapshot by Dylan Strome.
7:04 of 3rd period - Stopped by Jacob Markstrom with a rebound.
7:06 of 3rd period - Snap shot by Nathan MacKinnon.
7:06 of 3rd period - Shot Misses the Net.
7:16 of 3rd period - Vincent Trocheck is hit by Matthew Benning.
7:33 of 3rd period - Icing by Andrew Copp.
7:34 of 3rd period - Cole Caufield wins face-off versus Vincent Trocheck in Boston Bruins zone.
7:43 of 3rd period - Snap shot by Jonathan Marchessault.
7:43 of 3rd period - Stopped by Igor Shesterkin with a rebound.
8:11 of 3rd period - Snap shot by Ryan Strome.
8:11 of 3rd period - Stopped by Igor Shesterkin without a rebound.
8:12 of 3rd period - Alex Newhook wins face-off versus Joe Pavelski in New York Rangers zone.
8:15 of 3rd period - Snap shot by Ryan Strome.
8:15 of 3rd period - Stopped by Igor Shesterkin with a rebound.
8:17 of 3rd period - Wrist shot by Ryan Strome.
8:17 of 3rd period - Stopped by Igor Shesterkin without a rebound.
8:18 of 3rd period - Evander Kane wins face-off versus Joe Pavelski in New York Rangers zone.
8:19 of 3rd period - Wrist shot by Alex Newhook.
8:19 of 3rd period - Deflect By Ryan Strome.
8:19 of 3rd period - Shot Blocked by Joe Pavelski.
8:19 of 3rd period - Puck is out of play.
8:20 of 3rd period - Alex Newhook wins face-off versus Joe Pavelski in New York Rangers zone.
8:31 of 3rd period - Snap shot by Alex Newhook.
8:31 of 3rd period - Shot Misses the Net.
9:28 of 3rd period - Off-side.
9:29 of 3rd period - David Kampf wins face-off versus John-Jason Peterka in neutral zone.
9:56 of 3rd period - Ryan Strome is hit by Dylan Strome and loses puck.
10:19 of 3rd period - Wrist shot by Jonathan Marchessault.
10:19 of 3rd period - Shot Blocked by Brendan Smith.
10:21 of 3rd period - Wrist shot by Alex Vlasic.
10:21 of 3rd period - Shot Misses the Net.
10:23 of 3rd period - Slapshot by Tyson Barrie.
10:23 of 3rd period - Shot Misses the Net.
10:25 of 3rd period - Wrist shot by Vincent Trocheck.
10:25 of 3rd period - Shot Misses the Net.
10:27 of 3rd period - Slapshot by Alex Vlasic.
10:27 of 3rd period - Stopped by Igor Shesterkin with a rebound.
11:22 of 3rd period - Off-side.
11:23 of 3rd period - David Kampf wins face-off versus Vincent Trocheck in neutral zone.
12:16 of 3rd period - Wrist shot by Alex Newhook.
12:16 of 3rd period - Shot Misses the Net.
12:18 of 3rd period - Snap shot by Alex Vlasic.
12:18 of 3rd period - Deflect By Ryan Strome.
12:18 of 3rd period - Shot Misses the Net.
12:18 of 3rd period - Puck is out of play.
12:19 of 3rd period - Vincent Trocheck wins face-off versus Teuvo Teravainen in New York Rangers zone.
12:45 of 3rd period - Icing by Andrew Copp.
12:46 of 3rd period - Dylan Strome wins face-off versus Jonathan Marchessault in Boston Bruins zone.
14:07 of 3rd period - Wrist shot by Vincent Trocheck.
14:07 of 3rd period - Shot Misses the Net.
14:09 of 3rd period - Wrist shot by Vincent Trocheck.
14:09 of 3rd period - Shot Misses the Net.
14:23 of 3rd period - Snap shot by Jonathan Marchessault.
14:23 of 3rd period - Stopped by Igor Shesterkin with a rebound.
14:25 of 3rd period - Slapshot by Cam York.
14:25 of 3rd period - Shot Misses the Net.
14:27 of 3rd period - Slapshot by Torey Krug.
14:27 of 3rd period - Shot Blocked by Cam Fowler.
14:29 of 3rd period - Slapshot by Jonathan Marchessault.
14:29 of 3rd period - Shot Blocked by Nikolaj Ehlers.
15:21 of 3rd period - Slapshot by Jonathan Marchessault.
15:21 of 3rd period - Shot Misses the Net.
15:31 of 3rd period - Wrist shot by Vincent Trocheck.
15:31 of 3rd period - Shot Misses the Net.
15:33 of 3rd period - Slapshot by Jonathan Marchessault.
15:33 of 3rd period - Stopped by Igor Shesterkin with a rebound.
15:35 of 3rd period - Snap shot by Vincent Trocheck.
15:35 of 3rd period - Stopped by Igor Shesterkin without a rebound.
15:36 of 3rd period - Alex Newhook wins face-off versus Dylan Strome in New York Rangers zone.
15:49 of 3rd period - Snap shot by Evander Kane.
15:49 of 3rd period - Stopped by Igor Shesterkin without a rebound.
15:50 of 3rd period - Alex Newhook wins face-off versus Joe Pavelski in New York Rangers zone.
16:05 of 3rd period - Snap shot by Alex Newhook.
16:05 of 3rd period - Deflect By Evander Kane.
16:05 of 3rd period - Stopped by Igor Shesterkin without a rebound.
16:06 of 3rd period - Eetu Luostarinen wins face-off versus Dylan Strome in New York Rangers zone.
16:10 of 3rd period - Minor Penalty to Artemi Panarin for Roughing.
16:11 of 3rd period - Alex Newhook wins face-off versus Mikael Granlund in New York Rangers zone.
17:03 of 3rd period - Cam Fowler is hit by Joel Farabee.
17:13 of 3rd period - Connor Clifton is hit by Jake McCabe and loses puck.
18:10 of 3rd period - Penalty to Artemi Panarin is over, Artemi Panarin is back on ice.
18:35 of 3rd period - Tyson Barrie is hit by Artemi Panarin and loses puck.
Goals for this period are 2 for New York Rangers vs 2 for Boston Bruins.
Shots for this period are 9 for New York Rangers vs 16 for Boston Bruins.
Back to the Top